 Dungeon Crawl Stone Soup version 0.29.0-4-gdea44cf6ec (webtiles) character file.

Game seed: 17639181369316118837

6118 qw the Cleaver (level 10, 0/88 HPs)
             Began as a Minotaur Berserker on Sept 5, 2022.
             Was a Priest of Trog.
             Killed from afar by Erolcha (8 damage)
             ... with a fireball
             ... on level 9 of the Dungeon.
             The game lasted 00:02:54 (9714 turns).

qw the Cleaver (Minotaur Berserker)                 Turns: 9714, Time: 00:02:55

Health: 0/88       AC: 14    Str: 25    XL:     10   Next: 59%
Magic:  9/9        EV:  9    Int:  4    God:    Trog [***...]
Gold:   454        SH: 11    Dex: 17    Spells: 9/9 levels left

rFire   + . .      SeeInvis .   Y - +1 war axe
rCold   . . .      Faith    .   e - +0 kite shield
rNeg    . . .      Spirit   .   a - +2 chain mail {rF+}
rPois   .          Reflect  .   (helmet restricted)
rElec   .          Harm     .   h - +0 cloak
rCorr   .          Rampage  .   (no gloves)
Will    .....                   l - +0 pair of boots
Stlth   ..........              (no amulet)
HPRegen 0.24/turn               m - +6 ring of dexterity
MPRegen 0.11/turn               b - +4 ring of slaying {mikee}

@: on berserk cooldown, slowed, very slow
A: horns 2, retaliatory headbutt
a: Renounce Religion, Berserk, Trog's Hand


You were on level 9 of the Dungeon.
You worshipped Trog.
Trog was most pleased with you.
You visited 1 branch of the dungeon, and saw 9 of its levels.

You collected 454 gold pieces.


Innate Abilities, Weirdness & Mutations

You have a pair of horns on your head.
You reflexively headbutt those who attack you in melee.


   Skills:
 - Level 8.0 Fighting
 + Level 13.8 Axes
 - Level 3.0 Throwing
 - Level 5.0 Armour
 - Level 4.3 Dodging
 - Level 9.1 Shields


You had 9 spell levels left.
You didn't know any spells.
Your spell library was empty.

Inventory:

Hand Weapons
 t - a +0 flail of protection
 Y - a +1 war axe (weapon)
Missiles
 c - a boomerang (quivered)
Armour
 a - a +2 chain mail of fire resistance (worn)
 e - a +0 kite shield (worn)
 h - a +0 cloak (worn)
 l - a +0 pair of boots (worn)
 o - a +0 plate armour
Jewellery
 b - a +4 ring of slaying (right hand) {mikee}
 m - a +6 ring of dexterity (left hand)
 n - a ring of ice
 q - a ring of fire
 r - a ring of resist corrosion
Wands
 f - a wand of digging (7)
Scrolls
 d - 2 scrolls of identify
 j - 3 scrolls of teleportation
Potions
 i - a potion of heal wounds
 k - a potion of mutation
 p - 2 potions of might

Dungeon Overview and Level Annotations

Branches:
Dungeon (9/15)             Temple (0/1) D:4
   Lair: D:8-11         Orc: D:9-12

Altars:
Ashenzari
Cheibriados
Dithmenos
Fedhas
Gozag
Hepliaklqana
Makhleb
Okawaru
Qazlal
Trog
Wu Jian
Xom

Shops:
D:5 (   D:9 *

Annotations:
D:9 3 runed translucent doors, Erolcha; qw's ghost, novice TeWr


Message History

You swing at nothing.
You feel a strong urge to attack something.
You swing at nothing.
You hear some strange, mumbled words.
You swing at nothing.
You feel your anger nearly subside.
You are no longer berserk.
You are exhausted.
You feel yourself slow down.
You hear some strange, mumbled words.
A fireball appears from out of thin air!
The fireball explodes!
The fireball engulfs you! You resist.
You swing at nothing.
You swing at nothing.
You hit something. Something hits you.
You hit something. Something hits you!!
You hit something. Your headbutt misses something. Something hits you!!
You miss something. You block something's attack.
You miss something. You block something's attack.
You hit something. You headbutt something.
You feel the effects of Trog's Hand fading.
Something hits you!!
You slash something! Your headbutt misses something.
You hear some strange, mumbled words.
You swing at nothing.
You swing at nothing.
You hear some strange, mumbled words.
A fireball appears from out of thin air!
The fireball explodes!
The fireball engulfs you. You resist.
You swing at nothing.
Your skin stops crawling.
You feel less strong-willed.
You swing at nothing.
You hear some strange, mumbled words.
A fireball appears from out of thin air!
The fireball explodes!
The fireball engulfs you! You resist.
You die...

.....## ### ...#..#
....... ...##'# .......
...##.## ......( ...#8.8#
........ ...##.##
......(. #####.## #.{...#
#8.8##########.....###
##.##.......%@....(...
##.##......%..........
#8.8#.................
##.###########........
##8##.##8##8##8##........
................'........
##8##.##8##8##8##........
# #.###################
8.8


There were no monsters in sight!

Vanquished Creatures
  A two-headed ogre (D:7)
  Sigmund (D:5)
  12 yaks
  A steam dragon (D:8)
  Edmund (D:5)
  4 water moccasins
  An acid dragon (D:9)
  Duvessa (D:6)
  An orc warrior (D:8)
  An ice beast (D:5)
  3 black bears
  4 centaurs
  A kobold brigand (D:8)
  A necrophage (D:6)
  5 scorpions
  5 gnoll sergeants
  3 wights (D:6)
  Dowan (D:6)
  2 jellies
  5 orc priests
  7 hounds
  3 iguanas
  5 orc wizards
  Robin (D:4)
  26 gnolls
  6 adders
  A shadow imp (D:6)
  A white imp (D:7)
  An ufetubus (D:5)
  2 worms
  6 dart slugs
  15 orcs
  3 bats
  5 endoplasms
  2 giant cockroaches (D:4)
  16 goblins
  11 hobgoblins
  4 jackals
  8 ball pythons
  2 frilled lizards (D:3)
  9 kobolds
  6 rats
194 creatures vanquished.

Notes
Turn   | Place    | Note
-------+----------+-------------------------------------------
     0 | D:1      | qw the Minotaur Berserker began the quest for the Orb.
     0 | D:1      | Reached XP level 1. HP: 19/19 MP: 0/0
     0 | D:1      | 0 ||| qw: Version: 0.1-a-104-g96f76f8
     0 | D:1      | 0 ||| qw: Game counter: 5978
     0 | D:1      | 0 ||| qw: Always use a shield: true
     0 | D:1      | 0 ||| qw: Do Orc after D:15 true
     0 | D:1      | 0 ||| qw: Do second Lair branch before Depths: true
     0 | D:1      | 0 ||| qw: Lair rune preference: random
     0 | D:1      | 0 ||| qw: Plans: Normal
     0 | D:1      | 0 ||| PLANNING D:1-11
    58 | D:1      | 58 ||| DROPPING +0 club.
    72 | D:1      | Reached skill level 4 in Axes
    95 | D:1      | Reached XP level 2. HP: 23/26 MP: 1/1
   657 | D:1      | 657 ||| UPGRADING to +0 cloak.
   662 | D:1      | 662 ||| UPGRADING to +4 ring mail of poison resistance.
   672 | D:1      | 672 ||| DROPPING +0 animal skin.
   673 | D:1      | 673 ||| READING scroll labelled NIEL DUMUP.
   674 | D:1      | 674 ||| READING scroll labelled WYGAMA GITHO.
   675 | D:1      | 675 ||| READING scroll labelled ITADAS GEFE.
   676 | D:1      | 676 ||| READING scroll labelled CURGHE AGGU.
   818 | D:1      | 818 ||| READING scroll labelled DEKEQYIRUE.
   872 | D:2      | 872 ||| INVOKING Berserk.
   874 | D:2      | Reached skill level 5 in Axes
   877 | D:2      | Reached XP level 3. HP: 31/31 MP: 2/2
   932 | D:2      | 932 ||| DROPPING +0 whip.
   939 | D:2      | 939 ||| Stepping ~*~*~tactically~*~*~ (hiding).
  1199 | D:2      | Found a faded altar of an unknown god.
  1377 | D:2      | 1377 ||| INVOKING Berserk.
  1787 | D:2      | 1787 ||| UPGRADING to +6 ring of dexterity.
  1788 | D:2      | 1788 ||| READING scroll labelled IMUYWI WYGA.
  1789 | D:2      | 1789 ||| READING 2 scrolls labelled SYWNIXT WOAP.
  1790 | D:2      | 1790 ||| READING scroll labelled WIKUADITEIL.
  1791 | D:2      | 1791 ||| READING scroll labelled ZUAD SUFITHRIUPH.
  1792 | D:2      | 1792 ||| READING scroll labelled QUUFAIRO CUSO.
  1793 | D:2      | 1793 ||| DROPPING scroll of blinking.
  1829 | D:3      | Noticed a scorpion
  1837 | D:3      | Killed a scorpion
  1838 | D:3      | Reached skill level 6 in Axes
  1838 | D:3      | Reached XP level 4. HP: 39/39 MP: 3/3
  1976 | D:3      | Reached skill level 7 in Axes
  1976 | D:3      | Reached XP level 5. HP: 44/45 MP: 4/4
  2021 | D:3      | 2021 ||| Stepping ~*~*~tactically~*~*~ (hiding).
  2026 | D:3      | 2026 ||| INVOKING Berserk.
  2477 | D:3      | 2477 ||| Stepping ~*~*~tactically~*~*~ (stealth).
  2478 | D:3      | 2478 ||| Stepping ~*~*~tactically~*~*~ (stealth).
  2487 | D:3      | 2487 ||| INVOKING Berserk.
  2495 | D:3      | 2495 ||| Stepping ~*~*~tactically~*~*~ (stealth).
  2724 | D:3      | Reached ** piety under Trog
  2725 | D:3      | Reached XP level 6. HP: 52/52 MP: 5/5
  2803 | D:3      | Reached skill level 8 in Axes
  3009 | D:3      | 3009 ||| Stepping ~*~*~tactically~*~*~ (hiding).
  3012 | D:3      | 3012 ||| INVOKING Berserk.
  3028 | D:3      | 3028 ||| Stepping ~*~*~tactically~*~*~ (stealth).
  3033 | D:3      | 3033 ||| Stepping ~*~*~tactically~*~*~ (stealth).
  3089 | D:3      | 3089 ||| Stepping ~*~*~tactically~*~*~ (stealth).
  3090 | D:3      | Found the +3 woodcutter's axe {vorpal}
  3091 | D:3      | 3091 ||| Stepping ~*~*~tactically~*~*~ (stealth).
  3092 | D:3      | 3092 ||| INVOKING Berserk.
  3298 | D:3      | 3298 ||| UPGRADING to +0 kite shield.
  3303 | D:3      | 3303 ||| UPGRADING to +0 plate armour.
  3313 | D:3      | 3313 ||| DROPPING +4 ring mail of poison resistance.
  3314 | D:3      | 3314 ||| UPGRADING to +4 ring of slaying {mikee}.
  3315 | D:3      | 3315 ||| READING scroll labelled OSACOE JAVVELE.
  3336 | D:4      | 3336 ||| STAIRDANCE
  3360 | D:4      | Reached skill level 1 in Shields
  3375 | D:4      | Found a snail-covered altar of Cheibriados.
  3397 | D:4      | 3397 ||| INVOKING Berserk.
  3541 | D:4      | Found a staircase to the Ecumenical Temple.
  3544 | D:4      | Noticed Robin
  3552 | D:4      | Reached skill level 3 in Shields
  3552 | D:4      | 3552 ||| INVOKING Berserk.
  3556 | D:4      | Killed Robin
  3834 | D:4      | Reached XP level 7. HP: 59/59 MP: 6/6
  3879 | D:4      | 3879 ||| Stepping ~*~*~tactically~*~*~ (stealth).
  3886 | D:4      | 3886 ||| Stepping ~*~*~tactically~*~*~ (stealth).
  3912 | D:4      | 3912 ||| Stepping ~*~*~tactically~*~*~ (stealth).
  3913 | D:4      | 3913 ||| Stepping ~*~*~tactically~*~*~ (stealth).
  3914 | D:4      | 3914 ||| Stepping ~*~*~tactically~*~*~ (stealth).
  3926 | D:4      | 3926 ||| Stepping ~*~*~tactically~*~*~ (stealth).
  4038 | D:4      | Reached skill level 3 in Armour
  4132 | D:4      | 4132 ||| READING scroll of brand weapon.
  4132 | D:4      | 4132 ||| BRANDING +0 hand axe of venom.
  4160 | D:4      | Reached *** piety under Trog
  4232 | D:4      | 4232 ||| DRINKING 2 puce potions.
  4233 | D:4      | 4233 ||| READING 3 scrolls of identify.
  4233 | D:4      | 4233 ||| IDENTIFYING viscous emerald potion
  4234 | D:4      | 4234 ||| READING 2 scrolls of identify.
  4234 | D:4      | 4234 ||| IDENTIFYING metallic black potion
  4235 | D:4      | 4235 ||| DROPPING potion of flight.
  4248 | D:5      | Entered Level 5 of the Dungeon
  4286 | D:5      | 4286 ||| Stepping ~*~*~tactically~*~*~ (hiding).
  4362 | D:5      | 4362 ||| INVOKING Berserk.
  4364 | D:5      | Reached skill level 6 in Shields
  4365 | D:5      | Reached skill level 9 in Axes
  4490 | D:5      | 4490 ||| INVOKING Berserk.
  4495 | D:5      | Reached XP level 8. HP: 66/66 MP: 7/7
  4660 | D:5      | 4660 ||| Stepping ~*~*~tactically~*~*~ (stealth).
  4697 | D:5      | 4697 ||| Stepping ~*~*~tactically~*~*~ (stealth).
  4732 | D:5      | Noticed Sigmund
  4736 | D:5      | 4736 ||| INVOKING Berserk.
  4739 | D:5      | Killed Sigmund
  4926 | D:5      | 4926 ||| DRINKING potion of curing.
  4926 | D:5      | 4926 ||| (to cure confusion)
  4957 | D:5      | Found Puenelof's Weapon Emporium.
  5093 | D:5      | Found an ornate altar of the Wu Jian Council.
  5199 | D:5      | 5199 ||| INVOKING Berserk.
  5520 | D:5      | Noticed Edmund
  5522 | D:5      | 5522 ||| INVOKING Berserk.
  5530 | D:5      | Killed Edmund
  5531 | D:5      | Reached skill level 10 in Axes
  5653 | D:5      | 5653 ||| DROPPING +4 flail.
  5682 | D:5      | Reached skill level 6 in Fighting
  5740 | D:5      | 5740 ||| READING 2 scrolls labelled METANE GOESHRA.
  5741 | D:5      | 5741 ||| READING 2 scrolls labelled TIDDYE UNIUPH.
  5742 | D:5      | 5742 ||| DRINKING 2 sedimented golden potions.
  5743 | D:5      | 5743 ||| DRINKING 2 glowing clear potions.
  5744 | D:5      | 5744 ||| DROPPING potion of invisibility.
  5745 | D:5      | 5745 ||| DROPPING potion of attraction.
  5746 | D:5      | 5746 ||| DROPPING scroll of magic mapping.
  5747 | D:5      | 5747 ||| DROPPING scroll of noise.
  5824 | D:6      | Noticed Dowan
  5825 | D:6      | Noticed Duvessa
  5826 | D:6      | 5826 ||| INVOKING Berserk.
  5833 | D:6      | Killed Duvessa
  5834 | D:6      | Found an opulent altar of Gozag.
  5841 | D:6      | Killed Dowan
  5842 | D:6      | Reached XP level 9. HP: 76/78 MP: 8/8
  5855 | D:6      | Reached skill level 11 in Axes
  5861 | D:6      | 5861 ||| FLEEEEING.
  5862 | D:6      | 5862 ||| FLEEEEING.
  5863 | D:6      | 5863 ||| FLEEEEING.
  5864 | D:6      | 5864 ||| FLEEEEING.
  5865 | D:6      | 5865 ||| FLEEEEING.
  5866 | D:6      | 5866 ||| FLEEEEING.
  5873 | D:6      | 5873 ||| STAIRDANCE
  6098 | D:6      | 6098 ||| FLEEEEING.
  6099 | D:6      | 6099 ||| FLEEEEING.
  6100 | D:6      | 6100 ||| FLEEEEING.
  6101 | D:6      | 6101 ||| FLEEEEING.
  6153 | D:6      | 6153 ||| INVOKING Berserk.
  6294 | D:6      | Found a burning altar of Makhleb.
  6398 | D:6      | 6398 ||| SWAPPING to +0 war axe.
  6406 | D:6      | 6406 ||| DROPPING +0 spectral hand axe.
  6687 | D:6      | Reached skill level 3 in Dodging
  6688 | D:6      | Found a shadowy altar of Dithmenos.
  6689 | D:6      | Found a shimmering altar of Xom.
  6689 | D:6      | Found a blossoming altar of Fedhas.
  6690 | D:6      | Found a hazy altar of Hepliaklqana.
  6691 | D:6      | Found a broken altar of Ashenzari.
  6693 | D:6      | Found a bloodstained altar of Trog.
  6997 | D:6      | 6997 ||| UPGRADING to +2 chain mail of fire resistance.
  7007 | D:6      | 7007 ||| READING 5 scrolls of identify.
  7007 | D:6      | 7007 ||| IDENTIFYING dark potion
  7008 | D:6      | 7008 ||| READING 4 scrolls of identify.
  7008 | D:6      | 7008 ||| IDENTIFYING emerald potion
  7009 | D:6      | 7009 ||| READING 3 scrolls of identify.
  7009 | D:6      | 7009 ||| IDENTIFYING smoky dark potion
  7010 | D:6      | 7010 ||| DROPPING potion of degeneration.
  7011 | D:6      | 7011 ||| DROPPING potion of brilliance.
  7190 | D:7      | 7190 ||| Stepping ~*~*~tactically~*~*~ (stealth).
  7191 | D:7      | 7191 ||| Stepping ~*~*~tactically~*~*~ (stealth).
  7299 | D:7      | Found an iron altar of Okawaru.
  7301 | D:7      | 7301 ||| INVOKING Berserk.
  7495 | D:7      | Noticed a two-headed ogre
  7500 | D:7      | 7500 ||| INVOKING Berserk.
  7503 | D:7      | Killed a two-headed ogre
  7504 | D:7      | Reached skill level 13 in Axes
  7633 | D:7      | 7633 ||| INVOKING Berserk.
  8081 | D:7      | 8081 ||| READING scroll labelled WULALU PUNT.
  8082 | D:7      | 8082 ||| READING 2 scrolls of identify.
  8082 | D:7      | 8082 ||| IDENTIFYING blue potion
  8083 | D:7      | 8083 ||| DROPPING potion of ambrosia.
  8100 | D:8      | 8100 ||| Stepping ~*~*~tactically~*~*~ (hiding).
  8106 | D:8      | 8106 ||| INVOKING Berserk.
  8110 | D:8      | Reached skill level 1 in Throwing
  8119 | D:8      | 8119 ||| STAIRDANCE
  8313 | D:8      | 8313 ||| Stepping ~*~*~tactically~*~*~ (hiding).
  8321 | D:8      | Reached XP level 10. HP: 72/86 MP: 9/9
  8330 | D:8      | 8330 ||| INVOKING Berserk.
  8340 | D:8      | Reached skill level 9 in Shields
  8662 | D:8      | 8662 ||| FLEEEEING.
  8663 | D:8      | 8663 ||| FLEEEEING.
  8664 | D:8      | 8664 ||| FLEEEEING.
  8665 | D:8      | 8665 ||| FLEEEEING.
  8666 | D:8      | 8666 ||| FLEEEEING.
  8667 | D:8      | 8667 ||| FLEEEEING.
  8668 | D:8      | 8668 ||| FLEEEEING.
  8669 | D:8      | 8669 ||| FLEEEEING.
  8670 | D:8      | 8670 ||| FLEEEEING.
  8671 | D:8      | 8671 ||| FLEEEEING.
  8674 | D:8      | 8674 ||| FLEEEEING.
  8675 | D:8      | 8675 ||| FLEEEEING.
  8679 | D:8      | 8679 ||| FLEEEEING.
  8680 | D:8      | 8680 ||| FLEEEEING.
  8684 | D:8      | 8684 ||| FLEEEEING.
  8691 | D:8      | 8691 ||| FLEEEEING.
  8692 | D:8      | 8692 ||| FLEEEEING.
  8693 | D:8      | 8693 ||| FLEEEEING.
  8694 | D:8      | 8694 ||| FLEEEEING.
  8695 | D:8      | 8695 ||| FLEEEEING.
  8704 | D:8      | 8704 ||| FLEEEEING.
  8705 | D:8      | 8705 ||| FLEEEEING.
  8706 | D:8      | 8706 ||| FLEEEEING.
  8707 | D:8      | 8707 ||| FLEEEEING.
  8708 | D:8      | 8708 ||| FLEEEEING.
  8709 | D:8      | 8709 ||| FLEEEEING.
  8710 | D:8      | 8710 ||| FLEEEEING.
  8711 | D:8      | 8711 ||| FLEEEEING.
  8712 | D:8      | 8712 ||| STAIRDANCE
  8780 | D:8      | 8780 ||| Stepping ~*~*~tactically~*~*~ (stealth).
  8907 | D:8      | 8907 ||| Stepping ~*~*~tactically~*~*~ (hiding).
  8908 | D:8      | 8908 ||| INVOKING Berserk.
  9059 | D:8      | 9059 ||| Stepping ~*~*~tactically~*~*~ (hiding).
  9429 | D:8      | 9429 ||| UPGRADING to +0 pair of boots.
  9451 | D:9      | Found a stormy altar of Qazlal.
  9460 | D:9      | Found a runed translucent gate.
  9460 | D:9      | Found a runed translucent gate.
  9460 | D:9      | Found a runed translucent gate.
  9462 | D:9      | Found an opulent altar of Gozag.
  9462 | D:9      | Found Biobeed's Assorted Antiques.
  9462 | D:9      | Noticed a cyclops
  9463 | D:9      | Noticed a four-headed hydra
  9463 | D:9      | Noticed a manticore
  9464 | D:9      | Noticed qw's ghost (novice TeWr)
  9500 | D:9      | Reached skill level 3 in Throwing
  9512 | D:9      | Reached **** piety under Trog
  9644 | D:9      | Noticed Erolcha
  9645 | D:9      | 9645 ||| Stepping ~*~*~tactically~*~*~ (stealth).
  9647 | D:9      | 9647 ||| Stepping ~*~*~tactically~*~*~ (stealth).
  9695 | D:9      | 9695 ||| INVOKING Trog's Hand.
  9698 | D:9      | 9698 ||| INVOKING Berserk.
  9709 | D:9      | HP: 5/88 [something (29)]
  9714 | D:9      | Killed from afar by Erolcha

Levels and vault maps discovered:
D:1:      lightli_arrival_boilingwater, layout_basic
D:2:      layout_loops_ring, basic_ecumenical_altar, minmay_quadrilaterals
D:3:      layout_basic, pf_guarded_unrand_woodcutter
D:4:      layout_rooms, slow_altar_1, minmay_temple_entry_sparse_star,
          minmay_increasing_density, uniq_robin
D:5:      layout_loops_corners, mainiacjoe_overflow_brackets, serial_shops,
          nicolae_square_shop, kennysheep_generic_room_3, uniq_sigmund,
          uniq_menkaure, uniq_edmund
D:6:      layout_cave_pods, minitemple,
          mainiacjoe_overflow_concentric_impassable, uniq_duvessa
D:7:      layout_gridville, david_defended_altar_orc
D:8:      layout_loops_ring
D:9:      layout_stronghold, nicolae_qazlal_general_emergency,
          zombieorc2_lemuel, ebering_ghost_gozag, dk_noncrumbling_2,
          uniq_erolcha

Skill      XL: |  1  2  3  4  5  6  7  8  9 10 |
---------------+-------------------------------+-----
Axes           | 4 5 6 7 8 9 10 13 | 13.8
Fighting       | 4 6 7 8 |  8.0
Shields        | 4 6 7 8 9 |  9.1
Armour         | 3 4 5 |  5.0
Dodging        | 3 4 |  4.3
Throwing       | 2 3 |  3.0

Action                   |  1- 3 |  4- 6 |  7- 9 | 10-12 || total
-------------------------+-------+-------+-------+-------++-------
Melee: Hand axe          |    52 |    92 |   108 |       ||   252
       Headbutt          |     8 |    10 |    38 |    14 ||    70
       War axe           |       |       |    55 |    62 ||   117
Throw: Boomerang         |       |    18 |     3 |     6 ||    27
       Javelin           |       |       |     1 |    10 ||    11
Invok: Berserk           |     2 |     6 |    11 |     3 ||    22
       Trog's Hand       |       |       |       |     1 ||     1
  Use: Scroll            |    10 |     1 |    10 |       ||    21
       Potion            |       |       |     4 |       ||     4
Armor: Animal skin       |     2 |       |       |       ||     2
       Ring mail         |     6 |    19 |       |       ||    25
       Plate armour      |       |    13 |    46 |       ||    59
       Chain mail        |       |       |     9 |    20 ||    29
Dodge: Dodged            |    25 |    31 |    26 |    23 ||   105
Block: Kite shield       |       |    10 |    58 |    39 ||   107

Table legend:
 A = Non-vault XP
 B = Vault XP
 C = Vault XP percentage of total XP
 D = Non-vault monster count
 E = Vault monster count
 F = Vault count percentage of total count
                 A         B        C        D         E       F
            +---------+---------+-------+---------+---------+-------
      Total |    7560 |    1181 |  13.5 |     156 |      38 |  19.6
            +---------+---------+-------+---------+---------+-------
        D:1 |      22 |       0 |   0.0 |      12 |       0 |   0.0
        D:2 |      62 |       9 |  12.7 |       6 |       5 |  45.5
        D:3 |     293 |     161 |  35.5 |      28 |       6 |  17.6
        D:4 |     323 |     132 |  29.0 |      22 |      19 |  46.3
        D:5 |    1022 |     543 |  34.7 |      21 |       3 |  12.5
        D:6 |    1001 |     211 |  17.4 |      21 |       2 |   8.7
        D:7 |    1247 |     125 |   9.1 |       8 |       3 |  27.3
        D:8 |    2068 |       0 |   0.0 |      25 |       0 |   0.0
        D:9 |    1522 |       0 |   0.0 |      13 |       0 |   0.0
            +---------+---------+-------+---------+---------+-------
